 Dungeon Crawl Stone Soup version 0.22-a0-179-gb5258fd (webtiles) character file.

357 wolfsongas the Fighter (level 6, -1/61 HPs)
             Began as a Gnoll Wanderer on Feb 13, 2018.
             Slain by a gnoll (5 damage)
             ... on level 4 of the Dungeon.
             The game lasted 00:06:37 (2800 turns).

wolfsongas the Fighter (Gnoll Wanderer)             Turns: 2800, Time: 00:06:37

Health: -1/61      AC:  6    Str: 17    XL:     6   Next: 64%
Magic:  9/9        EV: 11    Int: 13    God:
Gold:   148        SH:  0    Dex: 15    Spells: 9/9 levels left

rFire    . . .     SeeInvis .   f - -3 halberd (curse)
rCold    . . .     Gourm    .   (shield currently unavailable)
rNeg     . . .     Faith    .   b - +0 ring mail
rPois    .         Spirit   .   (no helmet)
rElec    .         Reflect  .   j - +0 cloak
rCorr    .         Harm     .   (no gloves)
MR       .....                  (no boots)
Stlth    ..........             (no amulet)
HPRegen  0.20/turn              (no ring)
MPRegen  0.11/turn              (no ring)

@: confused
A: distributed training, fangs 1, strong nose
a: no special abilities


You were on level 4 of the Dungeon.
You were not hungry.

You visited 1 branch of the dungeon, and saw 4 of its levels.

You collected 148 gold pieces.

Inventory:

Hand Weapons
 a - a +3 hand axe
 f - a cursed -3 halberd (weapon)
Armour
 b - a +0 ring mail (worn)
 j - a +0 cloak (worn)
Jewellery
 g - a cursed ring of loudness {unknown}
 h - an uncursed ring of positive energy {unknown}
 l - a cursed ring of loudness {unknown}
Scrolls
 c - a scroll of teleportation
 e - 2 scrolls of magic mapping
 i - a scroll of blinking
 p - a scroll of enchant weapon
Potions
 k - a potion of brilliance
 n - a potion of degeneration {unknown}
Comestibles
 d - 3 chunks of flesh
 m - 2 rations


   Skills:
 + Level 10.5 Fighting
 + Level 2.0 Short Blades
 + Level 2.0 Long Blades
 + Level 3.3 Axes
 + Level 2.0 Maces & Flails
 + Level 2.0 Polearms
 + Level 2.0 Staves
 + Level 2.0 Slings
 + Level 3.3 Bows
 + Level 2.0 Crossbows
 + Level 2.0 Throwing
 + Level 3.3 Armour
 + Level 2.0 Dodging
 + Level 2.0 Stealth
 + Level 5.0 Shields
 + Level 2.0 Unarmed Combat
 + Level 2.0 Spellcasting
 + Level 1.6 Conjurations
 + Level 1.6 Hexes
 + Level 1.6 Charms
 + Level 1.6 Summonings
 + Level 1.6 Necromancy
 + Level 1.6 Translocations
 + Level 1.6 Transmutations
 + Level 1.6 Fire Magic
 + Level 1.6 Ice Magic
 + Level 1.6 Air Magic
 + Level 1.6 Earth Magic
 + Level 1.6 Poison Magic
 + Level 2.2 Invocations
 + Level 2.0 Evocations


You had 9 spell levels left.
You didn't know any spells.

Dungeon Overview and Level Annotations

Branches:
Dungeon (4/15)
 Temple: D:4-7

Altars:
Qazlal
Zin
The Shining One


Innate Abilities, Weirdness & Mutations

Your experience applies equally to all skills.
You have very sharp teeth.
Your uncanny sense of smell can sniff out nearby items.


Message History

The gnoll barely misses you. The gnoll hits you with a halberd!
The gnoll barely misses you. The gnoll hits you but does no damage.
You closely miss the gnoll.
The gnoll is moderately wounded.
The gnoll hits you.
The gnoll barely misses you. x2; The gnoll hits you.
The gnoll hits you with a halberd.
* * * LOW HITPOINT WARNING * * *
You barely miss the gnoll.
The gnoll is moderately wounded.
The gnoll hits you but does no damage. x2; The gnoll hits you with a halberd!
* * * LOW HITPOINT WARNING * * *
The gnoll closely misses you.
You puncture the gnoll!
You kill the gnoll!
The gnoll hits you but does no damage. The gnoll closely misses you.
The gnoll hits you but does no damage.
Okay, then.
You are confused.
You feel invigorated. The gnoll barely misses you. The gnoll hits you.
You die...

#..#.........#...
##.###.)......#?..
##.##
#............
##.##
#............
##>.#
##........... #
#..## #...........
####.##
##..........
.##..# ##..g......
.#..## #.@g......
#..## ##).......
.<.# ##.......
..## #....## ..#
..### #..∆ .## ###
## ∆ ∆


You could see 2 gnolls.

Vanquished Creatures
  The ghost of jackcabral90 the Ruffian, an amateur TrMo (D:3)
  A crimson imp (D:3)
  6 gnolls
  3 adders (D:2)
  An ooze (D:1)
  4 worms
  4 dart slugs
  An orc (D:4)
  A giant cockroach (D:3)
  5 hobgoblins
  5 jackals
  7 bats
  A frilled lizard (D:1)
  9 goblins
  10 kobolds
  9 rats
68 creatures vanquished.

Notes
Turn   | Place    | Note
-------+----------+-------------------------------------------
     0 | D:1      | Reached skill level 10 in Fighting
     0 | D:1      | wolfsongas the Gnoll Wanderer began the quest for the Orb.
     0 | D:1      | wolfsongas set off with: a +2 hand axe, a +0 ring mail, a scroll of teleportation, a ration
     0 | D:1      | Reached XP level 1. HP: 28/28 MP: 1/1
    41 | D:1      | Reached XP level 2. HP: 30/36 MP: 2/2
   162 | D:1      | Reached XP level 3. HP: 40/42 MP: 3/3
   514 | D:1      | Reached skill level 1 in Invocations
   603 | D:2      | Reached skill level 1 in Short Blades
   603 | D:2      | Reached skill level 1 in Long Blades
   603 | D:2      | Reached skill level 1 in Maces & Flails
   603 | D:2      | Reached skill level 1 in Polearms
   603 | D:2      | Reached skill level 1 in Staves
   603 | D:2      | Reached skill level 1 in Slings
   603 | D:2      | Reached skill level 1 in Crossbows
   603 | D:2      | Reached skill level 1 in Throwing
   603 | D:2      | Reached skill level 1 in Dodging
   603 | D:2      | Reached skill level 1 in Stealth
   603 | D:2      | Reached skill level 1 in Unarmed Combat
   603 | D:2      | Reached skill level 1 in Spellcasting
   603 | D:2      | Reached skill level 1 in Evocations
   610 | D:2      | Reached XP level 4. HP: 43/48 MP: 5/5
   904 | D:1      | Reached skill level 1 in Conjurations
   904 | D:1      | Reached skill level 1 in Hexes
   904 | D:1      | Reached skill level 1 in Charms
   904 | D:1      | Reached skill level 1 in Summonings
   904 | D:1      | Reached skill level 1 in Necromancy
   904 | D:1      | Reached skill level 1 in Translocations
   904 | D:1      | Reached skill level 1 in Transmutations
   904 | D:1      | Reached skill level 1 in Fire Magic
   904 | D:1      | Reached skill level 1 in Ice Magic
   904 | D:1      | Reached skill level 1 in Air Magic
   904 | D:1      | Reached skill level 1 in Earth Magic
   904 | D:1      | Reached skill level 1 in Poison Magic
  1013 | D:1      | Reached XP level 5. HP: 6/54 MP: 6/6
  2350 | D:3      | Found a glowing silver altar of Zin.
  2468 | D:3      | Noticed jackcabral90's ghost (amateur TrMo)
  2484 | D:3      | Killed jackcabral90's ghost
  2484 | D:3      | Reached XP level 6. HP: 61/61 MP: 8/8
  2494 | D:3      | Reached skill level 5 in Shields
  2548 | D:3      | Found a glowing golden altar of the Shining One.
  2641 | D:3      | Found a stormy altar of Qazlal.
  2798 | D:4      | HP: 1/61 [gnoll/halberd (13)]
  2800 | D:4      | Slain by a gnoll

Vault maps used:
D:1:      sevenhm_arrival_forest_fort_large_4
D:2:      st_stairs_14
D:3:      lemuel_coloured_pillars_altar, zin_statuary, first_ration,
          nicolae_qazlal_eye_of_the_storm

Skill      XL: |  1  2  3  4  5  6 |
---------------+-------------------+-----
Fighting       | | 10.5
Invocations    | 1 2 |  2.2
Short Blades   | 1 2 |  2.0
Long Blades    | 1 2 |  2.0
Maces & Flails | 1 2 |  2.0
Polearms       | 1 2 |  2.0
Staves         | 1 2 |  2.0
Slings         | 1 2 |  2.0
Crossbows      | 1 2 |  2.0
Throwing       | 1 2 |  2.0
Dodging        | 1 2 |  2.0
Stealth        | 1 2 |  2.0
Unarmed Combat | 1 2 |  2.0
Spellcasting   | 1 2 |  2.0
Evocations     | 1 2 |  2.0
Conjurations   | 1 |  1.6
Hexes          | 1 |  1.6
Charms         | 1 |  1.6
Summonings     | 1 |  1.6
Necromancy     | 1 |  1.6
Translocations | 1 |  1.6
Transmutations | 1 |  1.6
Fire Magic     | 1 |  1.6
Ice Magic      | 1 |  1.6
Air Magic      | 1 |  1.6
Earth Magic    | 1 |  1.6
Poison Magic   | 1 |  1.6
Axes           | 3 |  3.3
Bows           | 3 |  3.3
Armour         | 3 |  3.3
Shields        | 5 |  5.0

Action                   |  1- 3 |  4- 6 || total
-------------------------+-------+-------++-------
Melee: Hand axe          |    90 |    35 ||   125
       Bite              |    12 |    13 ||    25
       Halberd           |       |    87 ||    87
  Use: Scroll            |     5 |     3 ||     8
       Potion            |       |     6 ||     6
 Stab: Sleeping          |       |     1 ||     1
  Eat: Chunk             |       |     3 ||     3
       Ration            |       |     1 ||     1
Armor: Ring mail         |    29 |    40 ||    69
       Skin              |       |    23 ||    23
Dodge: Dodged            |    57 |    98 ||   155

Table legend:
 A = Spawn XP
 B = Non-spawn XP
 C = Spawn XP percentage of total XP
 D = Spawn monster count
 E = Non-spawn monster count
 F = Spawn count percentage of total count
 G = Total turns spent on level
                    A         B        C        D         E        F      G
               +---------+---------+-------+---------+---------+-------+---------
         Total |       0 |     510 |   0.0 |       0 |      68 |   0.0 |  2800
               +---------+---------+-------+---------+---------+-------+---------
           D:1 |       0 |     104 |   0.0 |       0 |      33 |   0.0 |  1019
           D:2 |       0 |      94 |   0.0 |       0 |      23 |   0.0 |  1015
           D:3 |       0 |     280 |   0.0 |       0 |       9 |   0.0 |   727
           D:4 |       0 |      32 |   0.0 |       0 |       3 |   0.0 |    39
               +---------+---------+-------+---------+---------+-------+---------
